 Dungeon Crawl Stone Soup version 0.30.0-29-ga12c61a403 (webtiles) character file.

Game seed: 9095738389221040076

9 Gorgondantess the Firebug (level 2, 0/19 HPs)
             Began as a Human Fire Elementalist on June 21, 2023.
             Slain by a jackal (2 damage)
             ... on level 1 of the Dungeon.
             The game lasted 00:01:11 (482 turns).

Gorgondantess the Firebug (Human Fire Elementalist)  Turns: 482, Time: 00:01:12

Health: 0/19       AC:  2    Str:  8    XL:     2   Next: 20%
Magic:  1/5        EV: 12    Int: 15    God:
Gold:   0          SH:  0    Dex: 13    Spells: 4/5 levels left

rFire   . . .        (no weapon)
rCold   . . .        (no shield)
rNeg    . . .        a - +0 robe
rPois   .            (no helmet)
rElec   .            (no cloak)
rCorr   .            (no gloves)
SInv    .            (no boots)
Will    .....        (no amulet)
Stlth   ++           (no ring)
HPRegen 0.23/turn    (no ring)
MPRegen 0.09/turn

%: no passive effects
@: no status effects
A: no striking features
a: no special abilities


You were on level 1 of the Dungeon.
You visited 1 branch of the dungeon, and saw 1 of its levels.

Inventory:

Armour
 a - a +0 robe (worn)
Scrolls
 e - a scroll of acquirement {unknown}
 g - a scroll of identify {unknown}
Potions
 b - a potion of magic
 c - a potion of flight {unknown}
 d - a potion of ambrosia {unknown}
 f - a potion of haste {unknown}


   Skills:
 + Level 2.1 Dodging
 + Level 2.1 Stealth
 + Level 2.1 Spellcasting
 + Level 1.2 Conjurations
 + Level 3.1 Fire Magic


You had 4 spell levels left.
You knew the following spells:

 Your Spells              Type           Power      Damage    Failure   Level
a - Foxfire               Conj/Fire      32%        2x1d5     9%          1

Your spell library contained the following spells:

 Spells                   Type           Power      Damage    Failure   Level
 Scorch                   Fire           20%        2d5       10%         2
 Inner Flame              Hex/Fire       6%         N/A       34%         3
 Volatile Blastmotes      Fire/Tloc      12%        2d11      34%         3
 Flame Wave               Conj/Fire      8%         2d5       65%         4


Dungeon Overview and Level Annotations

Branches:
Dungeon (1/15)

Altars:


Message History

You barely miss the giant cockroach.
The giant cockroach is almost dead.
The giant cockroach closely misses you.
You closely miss the giant cockroach.
The giant cockroach is severely wounded.
The giant cockroach bites you.
* * * LOW HITPOINT WARNING * * *
You completely miss the giant cockroach.
The giant cockroach is severely wounded.
The giant cockroach bites you but does no damage.
You closely miss the giant cockroach.
The giant cockroach is severely wounded.
The giant cockroach misses you.
Casting: Foxfire (safe; 9% risk of failure)
Confirm with . or Enter, or press ? or * to list all spells.
You conjure some foxfire!
The giant cockroach closely misses you.
The jackal pauses to sniff the ground.
The giant cockroach closely misses you.
You barely miss the giant cockroach.
The giant cockroach is severely wounded.
The foxfire hits the giant cockroach.
You kill the giant cockroach!
The foxfire hits the jackal.
The jackal is heavily wounded.
The giant cockroach waves its antennae.
You closely miss the jackal.
The jackal is moderately wounded.
The jackal bites you.
* * * LOW HITPOINT WARNING * * *
You hit the jackal but do no damage.
The jackal is moderately wounded.
The jackal misses you.
The jackal bites you but does no damage.
You hit the jackal but do no damage.
The jackal bites you but does no damage.
You closely miss the jackal. The jackal barely misses you. x2
You barely miss the jackal. The jackal bites you.
* * * LOW HITPOINT WARNING * * *
You barely miss the jackal. The jackal bites you.
You die...

#†#######.# #.# #.###
#.# ####...#####. #.#
#............ #.#
#.###'#######+### #.#
#.#..⌠...>...⌠..# #.#
#.#......<......# #.#
#.'⌠....###†...⌠+
#.####.#......Jh@....#
#...(..#######J#######
##### ######.#
..!.hJB.... #....
#.#......r......
####.#..
#.#.............#
#.......
#.###############.
...#####.
#.......[.... .. #.
#.###..###..# # ... #.
#.# #..# .# #... #.


You could see 3 endoplasms, 2 jackals, a giant cockroach and a rat.

Vanquished Creatures
  4 giant cockroaches (D:1)
  A jackal (D:1)
  A bat (D:1)
  2 rats (D:1)
8 creatures vanquished.

Vanquished Creatures (others)
  16 foxfires (D:1)
16 creatures vanquished.

Grand Total: 24 creatures vanquished

Notes
Turn   | Place    | Note
-------+----------+-------------------------------------------
     0 | D:1      | Gorgondantess the Human Fire Elementalist began the quest
                  | for the Orb.
     0 | D:1      | Reached XP level 1. HP: 13/13 MP: 3/3
     1 | D:1      | Found a runed translucent door.
   445 | D:1      | Reached XP level 2. HP: 13/19 MP: 0/5
   482 | D:1      | Slain by a jackal

Illustrated notes

Levels and vault maps discovered:
D:1:      dpeg_arrival_caged_fury, layout_loops_ring

Action                     || total
---------------------------++-------
  Melee: Unarmed           ||    51
         Punch             ||     1
   Cast: Foxfire           ||    12
 Armour: Robe              ||    65
  Dodge: Dodged            ||   152
